Map: Lost and Found LE

Players

Elazer - Winner!

  • Race: Zerg Zerg
  • Spawn Location: 1:00

Light

  • Race: Protoss Protoss
  • Spawn Location: 7:00

Event: WCS Valencia 2018

VOD

Have the link to the VOD?

Description

Time

  • Played on: July 12, 2018, 9:46 a.m.
  • Length: 7:58

All games in this series

Show
View Real Time Build Order
Export as new Build Order

Elazer Zerg - Winner!

Build Orders: Hatch First 

Get SALT Encoding   

  12  0:00  Drone  
  13  0:12  Overlord  
  13  0:17  Drone  
  14  0:30  Drone x2  
  16  0:47  Hatchery  
  15  0:51  Drone  
  15  0:54  Drone  
  17  0:58  Drone  
  18  1:08  Extractor  
  17  1:13  Spawning Pool  
  17  1:16  Drone  
  17  1:20  Drone  
  18  1:28  Drone  
  19  1:38  Drone  
  20  1:49  Overlord  
  20  2:00  Zergling x4, Queen x2  
  26  2:11  Drone  
  26  2:13  Metabolic Boost  
  26  2:14  Drone  
  28  2:22  Drone  
  29  2:27  Drone  
  30  2:32  Drone  
  30  2:33  Drone  
  32  2:41  Hatchery  
  32  2:44  Queen  
  31  2:48  Overlord  
  33  2:51  Drone  
  33  2:54  Drone  
  33  2:55  Drone  
  36  3:07  Drone  
  36  3:08  Drone x2  
  36  3:09  Drone x4  
  43  3:13  Overlord  
  43  3:19  Extractor, Queen  
  45  3:27  Overlord  
  45  3:32  Drone x3  
  48  3:36  Spore Crawler  
  48  3:39  Drone  
  48  3:40  Drone x2  
  48  3:41  Drone  
  51  3:42  Spore Crawler  
  50  3:50  Drone x2  
  50  3:51  Drone x3  
  55  3:57  Drone  
  55  4:01  Queen  
  55  4:02  Overlord  
  58  4:04  Lair  
  58  4:05  Drone x2  
  60  4:11  Spore Crawler  
  59  4:19  Overlord  
  59  4:21  Extractor  
  59  4:22  Extractor, Drone x3  
  59  4:23  Roach Warren  
  59  4:24  Drone x2  
  59  4:29  Drone x2  
  59  4:30  Drone  
  64  4:31  Overlord  
  64  4:33  Drone x2  
  64  4:38  Drone x2  
  68  4:41  Drone x3  
  68  4:44  Overlord  
  71  4:48  Drone x2  
  71  4:52  Overlord  
  73  4:58  Overlord x2  
  73  5:02  Evolution Chamber  
  73  5:03  Glial Reconstitution, Roach x4  
  80  5:07  Extractor x2  
  80  5:09  Roach x2  
  82  5:15  Roach x4  
  82  5:19  Overlord  
  90  5:23  Roach x3  
  90  5:26  Overlord  
  95  5:34  Zerg Missile Weapons Level 1  
  95  5:35  Drone x2  
  97  5:39  Drone x2  
  97  5:42  Roach x4  
  107  5:44  Overlord  
  107  5:45  Roach  
  107  5:47  Roach  
  107  5:49  Overlord  
  111  5:51  Roach x2  
  111  5:57  Overlord  
  115  6:02  Roach x3  
  121  6:06  Hydralisk Den  
  121  6:07  Extractor  
  121  6:10  Roach x4  
  127  6:15  Roach x3  
  133  6:19  Overseer  
  133  6:22  Drone x6  
  139  6:32  Roach x2  
  143  6:37  Overlord  
  143  6:38  Roach x2  
  147  6:40  Hatchery  
  147  6:43  Roach  
  147  6:45  Ravager x2  
  147  6:46  Ravager  
  137  6:49  Roach x2  
  137  6:50  Zergling x10  
  137  7:00  Roach x5  
  124  7:08  Roach  
  124  7:09  Roach x3  
  124  7:14  Roach x2  
  127  7:17  Queen  
  118  7:25  Roach x3  
  120  7:31  Zergling x2  
  120  7:32  Zergling x6  
  120  7:34  Ravager  
  122  7:45  Drone  
  122  7:46  Drone x5  
Show
View Real Time Build Order
Export as new Build Order

Light Protoss 

Build Orders: 1 Gate Expand, Oracle Opening, Phoenix Opening 

Get SALT Encoding   

  12  0:00  Probe  
  13  0:12  Probe  
  14  0:21  Pylon  
  14  0:24  Probe  
  15  0:35  Probe  
  16  0:43  Probe  
  16  0:44  Gateway  
  16  0:48  Assimilator  
  17  0:53  Probe  
  18  1:05  Probe  
  19  1:18  Probe  
  20  1:27  Nexus  
  20  1:31  Probe  
  21  1:40  Cybernetics Core  
  21  1:44  Probe  
  22  1:52  Pylon  
  22  1:56  Assimilator  
  22  1:59  Probe  
  23  2:07  Probe  
  23  2:09  Adept  
  23  2:15  Probe  
  24  2:20  Warp Gate  
  27  2:26  Probe  
  28  2:36  Adept  
  30  2:38  Probe  
  30  2:40  Probe  
  32  2:47  Stargate  
  32  2:48  Probe  
  32  2:50  Probe  
  33  2:56  Probe  
  34  3:02  Probe  
  36  3:07  Probe  
  36  3:11  Adept  
  39  3:14  Probe  
  39  3:19  Pylon, Probe  
  41  3:21  Assimilator  
  41  3:22  Phoenix  
  41  3:27  Gateway, Probe  
  42  3:32  Probe  
  45  3:39  Probe  
  46  3:44  Probe  
  46  3:46  Oracle, Pylon  
  50  3:51  Probe  
  51  3:56  Assimilator  
  52  4:03  Probe  
  52  4:06  Gateway  
  52  4:07  Gateway  
  52  4:08  Gateway  
  52  4:15  Gateway  
  52  4:17  Gateway  
  53  4:25  Robotics Facility  
  53  4:32  Sentry x2  
  53  4:35  Twilight Council  
  53  4:36  Probe  
  57  4:39  Probe  
  58  4:48  Probe  
  58  4:51  Pylon, Probe  
  60  5:00  Probe  
  60  5:03  Pylon  
  61  5:09  Pylon  
  61  5:10  Sentry x2, Blink  
  61  5:11  Sentry x2, Observer  
  61  5:12  Pylon  
  70  5:23  Warp Prism  
  70  5:24  Stalker x2  
  74  5:29  Nexus  
  76  5:47  Stalker x2  
  80  6:02  Stalker x3  
  86  6:17  Stalker x4  
  94  6:28  Pylon  
  94  6:30  Pylon  
  94  6:32  Pylon  
  94  6:41  Stalker x3  
  94  6:42  Stalker  
  98  6:57  Stalker x3  
  100  7:06  Stalker x3  
  84  7:18  Stalker  
  68  7:31  Stalker x5  
  78  7:38  Probe x2  
  78  7:39  Probe  
  83  7:51  Stalker x2  
Tags
 
Add a new tag
Caveats
  • Supply blocks, unpowered buildings, or Contaminate may cause inaccurate times.
  • Supply counts are checked every 10 seconds.